Checkers vs Condors

Created - Tuesday, March 11, 2025 at 21:54

Goals
1 2 3 T
Checkers 1 1 0 2
Condors 3 0 2 5
Shots
1 2 3 T
Checkers 14 6 6 26
Condors 16 15 22 53

1st period

1. Condors , Mason Jobst 20 (Isak Rosen 34, Joseph Duszak 22) at 0:49 (PP)
2. Checkers , Wyatt Bongiovanni 23 (Tyler Wotherspoon 34, Alex Steeves 42) at 6:18 (PP)
3. Condors , Mason Jobst 21 (Isak Rosen 35) at 8:03 (PP)
4. Condors , Alex Belzile 18 (Mason Jobst 45, Daniil Miromanov 2) at 8:29

Penalties :
Ilya Solovyov (CHA) for Roughing (Minor) at 0:28, Steven Fogarty (BAK) for Hooking (Minor) at 5:41, Tyler Wotherspoon (CHA) for Interference (Minor) at 7:16, Jiri Smejkal (CHA) for Hooking (Minor) at 10:08

2nd period

5. Checkers , Alex Steeves 25 (Joe Carroll 38, Ilya Solovyov 21) at 16:11

Penalties :
Wyatt Bongiovanni (CHA) for Roughing (Minor) at 5:01, Jeffrey Viel (CHA) for Charging (Minor) at 8:09, Brendan Gaunce (BAK) for Interference (Minor) at 18:41

3rd period

6. Condors , Joel Kiviranta 22 (Daniil Miromanov 3) at 4:10 (PP)
7. Condors , Xavier Ouellet 7 (Isak Rosen 36, Alex Belzile 31) at 10:35

Penalties :
Griffin Mendel (CHA) for Roughing (Minor) at 2:23, Jeffrey Viel (CHA) for Interference (Minor) at 4:19, Alex Belzile (BAK) for High sticking (Minor) at 11:05, Ilya Solovyov (CHA) for Hooking (Minor) at 14:28, Austin Rueschhoff (CHA) for Interference (Minor) at 16:47, Christoffer Sedoff (CHA) for Tripping (Minor) at 17:51

Goalie Stats

Matthew Murray (CHA), 48 saves from 53 shots - (0.906), L, 11-25-3, 60:00 minutes
Hunter Shepard (BAK), 24 saves from 26 shots - (0.923), W, 2-0-0, 60:00 minutes

Players Stats for Checkers

Player Name              G  A  P  +/- PIM S  H  SB GA TA FO     MP     PP MP  PK MP  
------------------------------------------------------------------------------------
Alex Steeves             1  1  2   1  0   1  1  0  0  0  0/2    12:19   0:59   0:00 
Anton Malmstrom          0  0  0   0  0   1  2  1  0  0  0/0    15:26   0:05   2:49 
Austin Rueschhoff        0  0  0  -1  2   4  2  0  0  0  11/19  13:58   0:00   0:00 
Brendan Furry            0  0  0   0  0   0  0  0  0  0  0/0     0:00   0:00   0:00 
Brian Pinho              0  0  0  -1  0   2  0  0  0  0  1/4    20:43   1:45   9:37 
Christoffer Sedoff       0  0  0   0  2   1  0  0  0  0  0/0    12:40   0:05   0:03 
Ethan Frisch             0  0  0  -1  0   1  0  2  0  0  0/0    21:45   1:40   8:03 
Griffin Mendel           0  0  0  -1  2   0  3  8  0  0  0/0    21:09   1:40   7:28 
Ilya Solovyov            0  1  1   0  4   1  2  1  0  0  0/0    24:18   2:50   6:32 
Jeffrey Viel             0  0  0  -1  4   3  4  0  0  0  1/2    20:34   1:45   0:00 
Jiri Smejkal             0  0  0  -1  2   2  4  0  0  0  0/1    16:09   1:51   0:06 
Joe Carroll              0  1  1   1  0   2  3  1  0  0  2/5    18:58   2:50   4:48 
Justin Pearson           0  0  0  -1  0   1  0  0  0  0  0/1    13:59   0:00   0:00 
Nikita Nesterenko        0  0  0  -1  0   4  1  0  0  0  18/39  23:00   1:40   7:07 
Tyler Wotherspoon        0  1  1   0  2   1  1  2  0  0  0/0    24:37   2:50   6:50 
Tyson Kozak              0  0  0   0  0   0  0  0  0  0  1/2     2:00   0:05   1:55 
Will MacKinnon           0  0  0   0  0   0  0  0  0  0  0/0     0:00   0:00   0:00 
Wyatt Bongiovanni        1  0  1   1  2   2  1  2  0  0  13/27  21:27   2:50   7:18 

Players Stats for Condors

Player Name              G  A  P  +/- PIM S  H  SB GA TA FO     MP     PP MP  PK MP  
------------------------------------------------------------------------------------
Aidan Fulp               0  0  0   0  0   2  3  1  0  0  0/0    14:18   0:46   0:17 
Alex Belzile             1  1  2   1  2   6  1  1  0  0  29/42  24:38   8:09   0:00 
Benoit-Olivier Groulx    0  0  0   0  0   4  1  0  0  0  7/27   17:05   0:00   1:49 
Brendan Gaunce           0  0  0   0  2   8  4  1  0  0  15/25  16:47   7:44   1:18 
Bryan Yoon               0  0  0   0  0   0  1  2  0  0  0/0    13:32   0:00   0:17 
Cameron Wright           0  0  0   0  0   0  0  0  0  0  0/0     0:00   0:00   0:00 
Daniil Miromanov         0  2  2   2  0   4  1  0  0  0  0/0    24:52   8:23   3:02 
Dean Stewart             0  0  0  -1  0   3  0  0  0  0  0/0    21:36   7:30   1:16 
Isak Rosen               0  3  3   2  0   5  1  0  0  0  0/0    23:42   7:44   0:00 
Jack Studnicka           0  0  0  -1  0   4  1  0  0  0  1/2    17:55   8:09   1:28 
Joel Kiviranta           1  0  1  -1  0   2  0  0  0  0  0/0    18:51   8:09   2:24 
Joseph Duszak            0  1  1  -1  0   0  0  0  0  0  0/0    21:51   7:30   1:31 
Kyle Rau                 0  0  0   0  0   2  1  0  0  0  3/3    16:09   0:00   0:53 
Mason Jobst              2  1  3   2  0   10 3  0  0  0  0/2    24:43   7:44   1:01 
Matthew Strome           0  0  0   0  0   0  0  0  0  0  0/0     0:00   0:00   0:00 
Steven Fogarty           0  0  0   0  2   1  2  0  0  0  0/1    15:32   0:00   0:17 
Tristen Nielsen          0  0  0   0  0   0  0  0  0  0  0/0     0:00   0:00   0:00 
Xavier Ouellet           1  0  1   2  0   2  1  2  0  0  0/0    23:51   7:37   2:47 

3 Stars

1 - Mason Jobst (BAK)
2 - Isak Rosen (BAK)
3 - Xavier Ouellet (BAK)

Power Play

Checkers - 1 on 3 Attempt(s) - 33.33%
Condors - 3 on 10 Attempt(s) - 30.00%

Penalty Kill

Checkers - 7 on 10 Attempt(s) - 70.00% - Score 0 goal in Penalty Kill
Condors - 2 on 3 Attempt(s) - 66.67% - Score 0 goal in Penalty Kill

Team Stat

Checkers - Hits : 24 - Faceoff Wins : 47 - Blocked Shots : 17 - Penalty Minutes : 20
Condors - Hits : 20 - Faceoff Wins : 55 - Blocked Shots : 7 - Penalty Minutes : 6

Official

Referees : Graham Skilliter and Jean Hebert
Linesman : Libor Suchanek and Shandor Alphonso

Game Notes

No Game Note

Finance

Level 1 -- Attendance: 1785 (89.25%) -- Ticket Income $62,475
Level 2 -- Attendance: 869 (86.90%) -- Ticket Income $13,035
Total Attendance: 2654 (88.47%)
Total Ticket Income: $75,510
Other Income: $37,000
Total Income: $112,510

Checkers

5 vs 5 Forward 
   Center                   Left Wing                Right Wing               Time % Phy DF OF 
 1 Austin Rueschhoff        Justin Pearson           Jeffrey Viel             25     1   2  2  
 2 Nikita Nesterenko        Jiri Smejkal             Brian Pinho              25     1   2  2  
 3 Wyatt Bongiovanni        Joe Carroll              Alex Steeves             25     1   2  2  
 4 Nikita Nesterenko        Jiri Smejkal             Jeffrey Viel             25     1   2  2  

5 vs 5 Defense 
   Defense                  Defense                                           Time % Phy DF OF 
 1 Tyler Wotherspoon        Ilya Solovyov                                     25     1   2  2  
 2 Griffin Mendel           Ethan Frisch                                      25     1   2  2  
 3 Christoffer Sedoff       Anton Malmstrom                                   25     1   2  2  
 4 Ilya Solovyov            Tyler Wotherspoon                                 25     1   2  2  

PowerPlay Forward 
   Center                   Left Wing                Right Wing               Time % Phy DF OF 
 1 Joe Carroll              Wyatt Bongiovanni        Jiri Smejkal             60     1   2  2  
 2 Nikita Nesterenko        Jeffrey Viel             Brian Pinho              40     1   2  2  

PowerPlay Defense
   Defense                  Defense                                           Time % Phy DF OF 
 1 Tyler Wotherspoon        Ilya Solovyov                                     60     1   2  2  
 2 Griffin Mendel           Ethan Frisch                                      40     1   2  2  

Penalty Kill 4 Players Forward 
   Center                   Wing                     Time % Phy DF OF 
 1 Wyatt Bongiovanni        Brian Pinho              60     1   2  2  
 2 Nikita Nesterenko        Joe Carroll              40     1   2  2  

Penalty Kill 4 Players Defense
   Defense                  Defense                  Time % Phy DF OF 
 1 Tyler Wotherspoon        Ilya Solovyov            60     1   2  2  
 2 Griffin Mendel           Ethan Frisch             40     1   2  2  

Penalty Kill - 3 Players Forward 
   Forward                                           Time % Phy DF OF 
 1 Nikita Nesterenko                                 60     1   2  2  
 2 Brian Pinho                                       40     1   2  2  

Penalty Kill - 3 Players Defense
   Defense                  Defense                  Time % Phy DF OF 
 1 Tyler Wotherspoon        Ilya Solovyov            60     1   2  2  
 2 Griffin Mendel           Ethan Frisch             40     1   2  2  

4 vs 4 Forward 
   Center                   Wing                     Time % Phy DF OF 
 1 Joe Carroll              Brian Pinho              60     1   2  2  
 2 Nikita Nesterenko        Wyatt Bongiovanni        40     1   2  2  

4 vs 4 Defense
   Defense                  Defense                  Time % Phy DF OF 
 1 Tyler Wotherspoon        Ilya Solovyov            60     1   2  2  
 2 Griffin Mendel           Ethan Frisch             40     1   2  2  

Last Minutes Offensive
   Center                   Left Wing                Right Wing               Defense                  Defense                  
   Nikita Nesterenko        Brian Pinho              Jiri Smejkal             Tyler Wotherspoon        Ilya Solovyov            

Last Minutes Defensive
   Center                   Left Wing                Right Wing               Defense                  Defense                  
   Nikita Nesterenko        Brian Pinho              Jiri Smejkal             Tyler Wotherspoon        Ilya Solovyov            

Goaltenders
Starting : Matthew Murray           
Backup : Farm Goalie 24           

Extra Forwards
Normal : Joe Carroll, Wyatt Bongiovanni, Nikita Nesterenko - PP : Joe Carroll, Wyatt Bongiovanni - PK : Nikita Nesterenko
Extra Defensemen
Normal : Christoffer Sedoff, Anton Malmstrom, Ilya Solovyov - PP : Christoffer Sedoff - PK : Anton Malmstrom, Tyler Wotherspoon
Penalty Shots
Brian Pinho, Joe Carroll, Nikita Nesterenko, Wyatt Bongiovanni, Jiri Smejkal
Custom OT Lines Forwards
Brendan Furry, Jeffrey Viel, Nikita Nesterenko, Jiri Smejkal, Austin Rueschhoff, Brian Pinho, Joe Carroll, Wyatt Bongiovanni, Alex Steeves, Justin Pearson
Custom OT Lines Defensemen
Tyler Wotherspoon, Ilya Solovyov, Griffin Mendel, Ethan Frisch, Christoffer Sedoff

Scratches
Jacob Melanson (Healthy), Simon Pinard (Healthy), Alex Swetlikoff (Healthy), Ben Berard (Healthy), Ethan De Jong (Healthy)
Matt Brown (Healthy), Chris Jandric (Healthy), Ian McKinnon (Healthy), Luke Cavallin (Healthy)

Condors

5 vs 5 Forward 
   Center                   Left Wing                Right Wing               Time % Phy DF OF 
 1 Alex Belzile             Joel Kiviranta           Jack Studnicka           25     1   2  2  
 2 Brendan Gaunce           Mason Jobst              Isak Rosen               25     1   2  2  
 3 Benoit-Olivier Groulx    Kyle Rau                 Steven Fogarty           25     1   2  2  
 4 Alex Belzile             Mason Jobst              Isak Rosen               25     1   2  2  

5 vs 5 Defense 
   Defense                  Defense                                           Time % Phy DF OF 
 1 Daniil Miromanov         Xavier Ouellet                                    25     1   2  2  
 2 Joseph Duszak            Dean Stewart                                      25     1   2  2  
 3 Aidan Fulp               Bryan Yoon                                        25     1   2  2  
 4 Daniil Miromanov         Xavier Ouellet                                    25     1   2  2  

PowerPlay Forward 
   Center                   Left Wing                Right Wing               Time % Phy DF OF 
 1 Alex Belzile             Joel Kiviranta           Jack Studnicka           60     1   2  2  
 2 Brendan Gaunce           Mason Jobst              Isak Rosen               40     1   2  2  

PowerPlay Defense
   Defense                  Defense                                           Time % Phy DF OF 
 1 Daniil Miromanov         Xavier Ouellet                                    60     1   2  2  
 2 Joseph Duszak            Dean Stewart                                      40     1   2  2  

Penalty Kill 4 Players Forward 
   Center                   Wing                     Time % Phy DF OF 
 1 Benoit-Olivier Groulx    Joel Kiviranta           60     1   2  2  
 2 Brendan Gaunce           Jack Studnicka           40     1   2  2  

Penalty Kill 4 Players Defense
   Defense                  Defense                  Time % Phy DF OF 
 1 Daniil Miromanov         Xavier Ouellet           60     1   2  2  
 2 Joseph Duszak            Dean Stewart             40     1   2  2  

Penalty Kill - 3 Players Forward 
   Forward                                           Time % Phy DF OF 
 1 Benoit-Olivier Groulx                             60     1   2  2  
 2 Brendan Gaunce                                    40     1   2  2  

Penalty Kill - 3 Players Defense
   Defense                  Defense                  Time % Phy DF OF 
 1 Daniil Miromanov         Xavier Ouellet           60     1   2  2  
 2 Joseph Duszak            Dean Stewart             40     1   2  2  

4 vs 4 Forward 
   Center                   Wing                     Time % Phy DF OF 
 1 Joel Kiviranta           Alex Belzile             60     1   2  2  
 2 Brendan Gaunce           Benoit-Olivier Groulx    40     1   2  2  

4 vs 4 Defense
   Defense                  Defense                  Time % Phy DF OF 
 1 Daniil Miromanov         Xavier Ouellet           60     1   2  2  
 2 Joseph Duszak            Dean Stewart             40     1   2  2  

Last Minutes Offensive
   Center                   Left Wing                Right Wing               Defense                  Defense                  
   Alex Belzile             Joel Kiviranta           Jack Studnicka           Daniil Miromanov         Xavier Ouellet           

Last Minutes Defensive
   Center                   Left Wing                Right Wing               Defense                  Defense                  
   Alex Belzile             Joel Kiviranta           Jack Studnicka           Daniil Miromanov         Xavier Ouellet           

Goaltenders
Starting : Hunter Shepard           
Backup : Dustin Tokarski          

Extra Forwards
Normal : Brendan Gaunce, Steven Fogarty, Benoit-Olivier Groulx - PP : Brendan Gaunce, Steven Fogarty - PK : Benoit-Olivier Groulx
Extra Defensemen
Normal : Aidan Fulp, Bryan Yoon, Joseph Duszak - PP : Aidan Fulp - PK : Bryan Yoon, Joseph Duszak
Penalty Shots
Joel Kiviranta, Alex Belzile, Brendan Gaunce, Benoit-Olivier Groulx, Jack Studnicka
Custom OT Lines Forwards
Joel Kiviranta, Alex Belzile, Brendan Gaunce, Benoit-Olivier Groulx, Jack Studnicka, Isak Rosen, Steven Fogarty, Mason Jobst, Tristen Nielsen, Kyle Rau
Custom OT Lines Defensemen
Daniil Miromanov, Xavier Ouellet, Joseph Duszak, Dean Stewart, Aidan Fulp

Scratches
Patrik Koch (Healthy), Austin Osmanski (Healthy), Cavan Fitzgerald (Healthy), Louis Boudon (Healthy), Casey Dornbach (Healthy)
Jarid Lukosevicius (Healthy), Alex Kannok Leipert (Healthy), Matej Pekar (Healthy), Matt Tomkins (Healthy), Ken Appleby (Healthy)
Peyton Jones (Healthy)

% Time on Ice - Checkers

Lines # - Real PCT - Wanted PCT - Time Play
Normal Forward
1 - 35% - 25% - 13:59
2 - 23% - 25% - 8:57
3 - 29% - 25% - 11:20
4 - 13% - 25% - 5:16
Normal Defense
1 - 18% - 25% - 7:12
2 - 30% - 25% - 12:02
3 - 32% - 25% - 12:32
4 - 20% - 25% - 7:46
PP Forward
1 - 62% - 60% - 2:50
2 - 38% - 40% - 1:45
PP Defense
1 - 64% - 60% - 2:55
2 - 36% - 40% - 1:40
PK Forward
1 - 68% - 60% - 10:10
2 - 32% - 40% - 4:48
PK Defense
1 - 49% - 60% - 7:21
2 - 51% - 40% - 7:37
PK3 Forward
1 - 89% - 60% - 0:49
2 - 11% - 40% - 0:06
PK3 Defense
1 - 53% - 60% - 0:29
2 - 47% - 40% - 0:26
44 Forward
1 - 0% - 60%
2 - 0% - 40%
44 Defense
1 - 0% - 60%
2 - 0% - 40%
Last Minute Offensive  - 0:00
Last Minute Defensive  - 0:00
Total
Forward - 60:00
Defense - 60:00

% Time on Ice - Condors

Lines # - Real PCT - Wanted PCT - Time Play
Normal Forward
1 - 21% - 25% - 8:18
2 - 20% - 25% - 7:46
3 - 39% - 25% - 15:16
4 - 21% - 25% - 8:12
Normal Defense
1 - 17% - 25% - 6:45
2 - 32% - 25% - 12:50
3 - 34% - 25% - 13:15
4 - 17% - 25% - 6:42
PP Forward
1 - 51% - 60% - 8:09
2 - 49% - 40% - 7:44
PP Defense
1 - 53% - 60% - 8:23
2 - 47% - 40% - 7:30
PK Forward
1 - 85% - 60% - 3:53
2 - 15% - 40% - 0:42
PK Defense
1 - 61% - 60% - 2:47
2 - 39% - 40% - 1:48
PK3 Forward
1 - 0% - 60%
2 - 0% - 40%
PK3 Defense
1 - 0% - 60%
2 - 0% - 40%
44 Forward
1 - 0% - 60%
2 - 0% - 40%
44 Defense
1 - 0% - 60%
2 - 0% - 40%
Last Minute Offensive  - 0:00
Last Minute Defensive  - 0:00
Total
Forward - 60:00
Defense - 60:00

Play-by-Play

1st period


0:01 of 1st period - Austin Rueschhoff wins face-off versus Alex Belzile in neutral zone.
0:15 of 1st period - Shot by Justin Pearson.
0:15 of 1st period - Shot Blocked by Xavier Ouellet.
0:28 of 1st period - Minor Penalty to Ilya Solovyov for Roughing.
0:29 of 1st period - Brendan Gaunce wins face-off versus Wyatt Bongiovanni in Checkers zone.
0:30 of 1st period - Shot by Mason Jobst.
0:30 of 1st period - Stopped by Matthew Murray with a rebound.
0:49 of 1st period - Shot by Mason Jobst.
0:49 of 1st period - The goal is going for a video replay.
0:49 of 1st period - The goal is good.
0:49 of 1st period - Goal by Mason Jobst - Checkers : 0 - Condors : 1.
0:50 of 1st period - Nikita Nesterenko wins face-off versus Benoit-Olivier Groulx in neutral zone.
0:55 of 1st period - Shot by Christoffer Sedoff.
0:55 of 1st period - Stopped by Hunter Shepard without a rebound.
0:56 of 1st period - Alex Belzile wins face-off versus Nikita Nesterenko in Condors zone.
1:08 of 1st period - Icing by Tyler Wotherspoon.
1:09 of 1st period - Brian Pinho wins face-off versus Benoit-Olivier Groulx in Checkers zone.
1:22 of 1st period - Shot by Jiri Smejkal.
1:22 of 1st period - Stopped by Hunter Shepard without a rebound.
1:23 of 1st period - Brendan Gaunce wins face-off versus Alex Steeves in Condors zone.
1:23 of 1st period - Brendan Gaunce is hit by Joe Carroll.
1:40 of 1st period - Alex Steeves is hit by Isak Rosen and loses puck.
1:47 of 1st period - Bryan Yoon is hit by Joe Carroll.
1:53 of 1st period - Shot by Wyatt Bongiovanni.
1:53 of 1st period - Stopped by Hunter Shepard without a rebound.
1:54 of 1st period - Kyle Rau wins face-off versus Jiri Smejkal in Condors zone.
1:54 of 1st period - Kyle Rau is hit by Jeffrey Viel.
2:06 of 1st period - Shot by Nikita Nesterenko.
2:06 of 1st period - Stopped by Hunter Shepard without a rebound.
2:07 of 1st period - Alex Belzile wins face-off versus Justin Pearson in Condors zone.
2:07 of 1st period - Alex Belzile is hit by Austin Rueschhoff.
2:10 of 1st period - Icing by Jack Studnicka.
2:11 of 1st period - Alex Belzile wins face-off versus Nikita Nesterenko in Condors zone.
2:11 of 1st period - Alex Belzile is hit by Jiri Smejkal.
3:00 of 1st period - Icing by Dean Stewart.
3:01 of 1st period - Alex Belzile wins face-off versus Wyatt Bongiovanni in Condors zone.
4:05 of 1st period - Shot by Kyle Rau.
4:05 of 1st period - Stopped by Matthew Murray with a rebound.
4:07 of 1st period - Shot by Benoit-Olivier Groulx.
4:07 of 1st period - Shot Misses the Net.
4:26 of 1st period - Tyler Wotherspoon is hit by Kyle Rau and loses puck.
4:42 of 1st period - Icing by Dean Stewart.
4:43 of 1st period - Alex Belzile wins face-off versus Nikita Nesterenko in Condors zone.
4:43 of 1st period - Alex Belzile is hit by Jiri Smejkal.
4:50 of 1st period - Dean Stewart is hit by Anton Malmstrom and loses puck.
5:41 of 1st period - Minor Penalty to Steven Fogarty for Hooking.
5:42 of 1st period - Benoit-Olivier Groulx wins face-off versus Joe Carroll in Condors zone.
5:52 of 1st period - Icing by Alex Steeves.
5:53 of 1st period - Joe Carroll wins face-off versus Benoit-Olivier Groulx in Checkers zone.
6:14 of 1st period - Shot by Tyler Wotherspoon.
6:14 of 1st period - Stopped by Hunter Shepard with a rebound.
6:16 of 1st period - Shot by Wyatt Bongiovanni.
6:16 of 1st period - Shot Misses the Net.
6:18 of 1st period - Shot by Wyatt Bongiovanni.
6:18 of 1st period - Goal by Wyatt Bongiovanni - Checkers : 1 - Condors : 1.
6:19 of 1st period - Brendan Gaunce wins face-off versus Austin Rueschhoff in neutral zone.
6:24 of 1st period - Shot by Brendan Gaunce.
6:24 of 1st period - Stopped by Matthew Murray with a rebound.
6:35 of 1st period - Justin Pearson is hit by Aidan Fulp and loses puck.
6:50 of 1st period - Shot by Austin Rueschhoff.
6:50 of 1st period - Stopped by Hunter Shepard without a rebound.
6:51 of 1st period - Benoit-Olivier Groulx wins face-off versus Nikita Nesterenko in Condors zone.
6:51 of 1st period - Benoit-Olivier Groulx is hit by Jiri Smejkal.
7:15 of 1st period - Shot by Benoit-Olivier Groulx.
7:15 of 1st period - Shot Misses the Net.
7:16 of 1st period - Minor Penalty to Tyler Wotherspoon for Interference.
7:17 of 1st period - Wyatt Bongiovanni wins face-off versus Alex Belzile in Checkers zone.
7:37 of 1st period - Shot by Joel Kiviranta.
7:37 of 1st period - Shot Misses the Net.
7:41 of 1st period - Shot by Daniil Miromanov.
7:41 of 1st period - Stopped by Matthew Murray with a rebound.
8:03 of 1st period - Shot by Mason Jobst.
8:03 of 1st period - Goal by Mason Jobst - Checkers : 1 - Condors : 2.
8:04 of 1st period - Kyle Rau wins face-off versus Austin Rueschhoff in neutral zone.
8:09 of 1st period - Shot by Benoit-Olivier Groulx.
8:09 of 1st period - Stopped by Matthew Murray without a rebound.
8:10 of 1st period - Austin Rueschhoff wins face-off versus Brendan Gaunce in Checkers zone.
8:10 of 1st period - Austin Rueschhoff is hit by Brendan Gaunce.
8:15 of 1st period - Icing by Jeffrey Viel.
8:16 of 1st period - Jeffrey Viel wins face-off versus Benoit-Olivier Groulx in Checkers zone.
8:16 of 1st period - Jeffrey Viel is hit by Benoit-Olivier Groulx.
8:19 of 1st period - Icing by Justin Pearson.
8:20 of 1st period - Alex Belzile wins face-off versus Austin Rueschhoff in Checkers zone.
8:27 of 1st period - Shot by Mason Jobst.
8:27 of 1st period - Shot Misses the Net.
8:29 of 1st period - Shot by Alex Belzile.
8:29 of 1st period - Goal by Alex Belzile - Checkers : 1 - Condors : 3.
8:30 of 1st period - Nikita Nesterenko wins face-off versus Benoit-Olivier Groulx in neutral zone.
8:35 of 1st period - Shot by Jeffrey Viel.
8:35 of 1st period - Shot Blocked by Aidan Fulp.
8:37 of 1st period - Shot by Jiri Smejkal.
8:37 of 1st period - Shot Misses the Net.
8:39 of 1st period - Shot by Nikita Nesterenko.
8:39 of 1st period - Deflect By Jiri Smejkal.
8:39 of 1st period - Shot Blocked by Bryan Yoon.
8:53 of 1st period - Shot by Nikita Nesterenko.
8:53 of 1st period - Stopped by Hunter Shepard without a rebound.
8:54 of 1st period - Alex Belzile wins face-off versus Wyatt Bongiovanni in Condors zone.
8:59 of 1st period - Anton Malmstrom is hit by Mason Jobst and loses puck.
9:30 of 1st period - Icing by Daniil Miromanov.
9:31 of 1st period - Alex Belzile wins face-off versus Nikita Nesterenko in Condors zone.
9:37 of 1st period - Daniil Miromanov is hit by Ilya Solovyov and loses puck.
9:40 of 1st period - Shot by Mason Jobst.
9:40 of 1st period - Shot Misses the Net.
9:53 of 1st period - Icing by Tyler Wotherspoon.
9:54 of 1st period - Nikita Nesterenko wins face-off versus Benoit-Olivier Groulx in Checkers zone.
10:08 of 1st period - Minor Penalty to Jiri Smejkal for Hooking.
10:09 of 1st period - Alex Belzile wins face-off versus Wyatt Bongiovanni in Checkers zone.
10:15 of 1st period - Joel Kiviranta is hit by Griffin Mendel and loses puck.
10:46 of 1st period - Joe Carroll is hit by Jack Studnicka.
11:35 of 1st period - Nikita Nesterenko is hit by Daniil Miromanov and loses puck.
11:46 of 1st period - Shot by Nikita Nesterenko.
11:46 of 1st period - Shot Misses the Net.
11:48 of 1st period - Shot by Nikita Nesterenko.
11:48 of 1st period - Stopped by Hunter Shepard without a rebound.
11:49 of 1st period - Wyatt Bongiovanni wins face-off versus Brendan Gaunce in Condors zone.
12:37 of 1st period - Shot by Jeffrey Viel.
12:37 of 1st period - Stopped by Hunter Shepard with a rebound.
12:39 of 1st period - Shot by Anton Malmstrom.
12:39 of 1st period - Shot Misses the Net.
12:41 of 1st period - Shot by Anton Malmstrom.
12:41 of 1st period - Deflect By Austin Rueschhoff.
12:41 of 1st period - Shot Blocked by Bryan Yoon.
13:17 of 1st period - Shot by Nikita Nesterenko.
13:17 of 1st period - Stopped by Hunter Shepard without a rebound.
13:18 of 1st period - Wyatt Bongiovanni wins face-off versus Alex Belzile in Condors zone.
13:38 of 1st period - Shot by Wyatt Bongiovanni.
13:38 of 1st period - Deflect By Alex Steeves.
13:38 of 1st period - Shot Misses the Net.
14:08 of 1st period - Shot by Mason Jobst.
14:08 of 1st period - Shot Misses the Net.
14:10 of 1st period - Shot by Brendan Gaunce.
14:10 of 1st period - Deflect By Isak Rosen.
14:10 of 1st period - Stopped by Matthew Murray with a rebound.
15:14 of 1st period - Icing by Ilya Solovyov.
15:15 of 1st period - Alex Belzile wins face-off versus Alex Steeves in Checkers zone.
15:20 of 1st period - Shot by Alex Belzile.
15:20 of 1st period - Stopped by Matthew Murray without a rebound.
15:21 of 1st period - Alex Belzile wins face-off versus Nikita Nesterenko in Checkers zone.
15:52 of 1st period - Shot by Jiri Smejkal.
15:52 of 1st period - Shot Misses the Net.
15:54 of 1st period - Shot by Nikita Nesterenko.
15:54 of 1st period - Shot Misses the Net.
16:18 of 1st period - Mason Jobst is hit by Austin Rueschhoff and loses puck.
16:26 of 1st period - Shot by Brian Pinho.
16:26 of 1st period - Stopped by Hunter Shepard without a rebound.
16:27 of 1st period - Kyle Rau wins face-off versus Austin Rueschhoff in Condors zone.
16:31 of 1st period - Steven Fogarty is hit by Jeffrey Viel and loses puck.
16:46 of 1st period - Shot by Austin Rueschhoff.
16:46 of 1st period - Stopped by Hunter Shepard with a rebound.
16:48 of 1st period - Shot by Austin Rueschhoff.
16:48 of 1st period - Shot Misses the Net.
16:50 of 1st period - Shot by Austin Rueschhoff.
16:50 of 1st period - Deflect By Jeffrey Viel.
16:50 of 1st period - Shot Misses the Net.
17:13 of 1st period - Icing by Griffin Mendel.
17:14 of 1st period - Brendan Gaunce wins face-off versus Brian Pinho in Checkers zone.
17:20 of 1st period - Shot by Brendan Gaunce.
17:20 of 1st period - Shot Misses the Net.
18:20 of 1st period - Shot by Jack Studnicka.
18:20 of 1st period - Stopped by Matthew Murray with a rebound.
18:22 of 1st period - Shot by Dean Stewart.
18:22 of 1st period - Stopped by Matthew Murray without a rebound.
18:23 of 1st period - Wyatt Bongiovanni wins face-off versus Benoit-Olivier Groulx in Checkers zone.
18:56 of 1st period - Kyle Rau is hit by Tyler Wotherspoon and loses puck.
19:02 of 1st period - Off-side.
19:03 of 1st period - Alex Belzile wins face-off versus Austin Rueschhoff in neutral zone.
19:20 of 1st period - Shot by Justin Pearson.
19:20 of 1st period - Stopped by Hunter Shepard without a rebound.
19:21 of 1st period - Nikita Nesterenko wins face-off versus Alex Belzile in Condors zone.
19:30 of 1st period - Shot by Joel Kiviranta.
19:30 of 1st period - Deflect By Alex Belzile.
19:30 of 1st period - Stopped by Matthew Murray without a rebound.
19:31 of 1st period - Brendan Gaunce wins face-off versus Austin Rueschhoff in Checkers zone.
19:31 of 1st period - Brendan Gaunce is hit by Anton Malmstrom.
19:33 of 1st period - Shot by Isak Rosen.
19:33 of 1st period - Deflect By Mason Jobst.
19:33 of 1st period - Stopped by Matthew Murray with a rebound.
19:35 of 1st period - Shot by Dean Stewart.
19:35 of 1st period - Stopped by Matthew Murray with a rebound.
19:37 of 1st period - Shot by Brendan Gaunce.
19:37 of 1st period - Stopped by Matthew Murray without a rebound.
19:38 of 1st period - Austin Rueschhoff wins face-off versus Alex Belzile in Checkers zone.
19:58 of 1st period - Shot by Austin Rueschhoff.
19:58 of 1st period - Shot Blocked by Alex Belzile.
Goals for this period are 1 for Checkers vs 3 for Condors.
Shots for this period are 14 for Checkers vs 16 for Condors.

2nd period


0:01 of 2nd period - Alex Belzile wins face-off versus Nikita Nesterenko in neutral zone.
0:08 of 2nd period - Shot by Isak Rosen.
0:08 of 2nd period - Stopped by Matthew Murray without a rebound.
0:09 of 2nd period - Wyatt Bongiovanni wins face-off versus Alex Belzile in Checkers zone.
0:14 of 2nd period - Shot by Alex Steeves.
0:14 of 2nd period - Shot Misses the Net.
0:58 of 2nd period - Shot by Ethan Frisch.
0:58 of 2nd period - Stopped by Hunter Shepard without a rebound.
0:59 of 2nd period - Nikita Nesterenko wins face-off versus Steven Fogarty in Condors zone.
1:00 of 2nd period - Shot by Jeffrey Viel.
1:00 of 2nd period - Stopped by Hunter Shepard without a rebound.
1:01 of 2nd period - Nikita Nesterenko wins face-off versus Benoit-Olivier Groulx in Condors zone.
1:25 of 2nd period - Icing by Steven Fogarty.
1:26 of 2nd period - Wyatt Bongiovanni wins face-off versus Benoit-Olivier Groulx in Condors zone.
1:36 of 2nd period - Icing by Benoit-Olivier Groulx.
1:37 of 2nd period - Benoit-Olivier Groulx wins face-off versus Jeffrey Viel in Condors zone.
1:42 of 2nd period - Shot by Joseph Duszak.
1:42 of 2nd period - Shot Misses the Net.
1:44 of 2nd period - Shot by Benoit-Olivier Groulx.
1:44 of 2nd period - Shot Blocked by Tyler Wotherspoon.
2:04 of 2nd period - Jeffrey Viel is hit by Alex Belzile and loses puck.
2:09 of 2nd period - Shot by Mason Jobst.
2:09 of 2nd period - Stopped by Matthew Murray without a rebound.
2:10 of 2nd period - Alex Belzile wins face-off versus Nikita Nesterenko in Checkers zone.
2:21 of 2nd period - Shot by Alex Belzile.
2:21 of 2nd period - Shot Misses the Net.
2:31 of 2nd period - Icing by Brian Pinho.
2:32 of 2nd period - Brendan Gaunce wins face-off versus Nikita Nesterenko in Checkers zone.
2:35 of 2nd period - Shot by Mason Jobst.
2:35 of 2nd period - Stopped by Matthew Murray with a rebound.
2:37 of 2nd period - Shot by Xavier Ouellet.
2:37 of 2nd period - Shot Misses the Net.
2:57 of 2nd period - Icing by Nikita Nesterenko.
2:58 of 2nd period - Nikita Nesterenko wins face-off versus Alex Belzile in Checkers zone.
3:16 of 2nd period - Shot by Jack Studnicka.
3:16 of 2nd period - Stopped by Matthew Murray without a rebound.
3:17 of 2nd period - Austin Rueschhoff wins face-off versus Benoit-Olivier Groulx in Checkers zone.
3:17 of 2nd period - Austin Rueschhoff is hit by Steven Fogarty.
3:54 of 2nd period - Icing by Tyler Wotherspoon.
3:55 of 2nd period - Alex Belzile wins face-off versus Austin Rueschhoff in Checkers zone.
4:30 of 2nd period - Icing by Xavier Ouellet.
4:31 of 2nd period - Alex Belzile wins face-off versus Nikita Nesterenko in Condors zone.
4:56 of 2nd period - Off-side.
4:57 of 2nd period - Benoit-Olivier Groulx wins face-off versus Wyatt Bongiovanni in neutral zone.
4:57 of 2nd period - Steven Fogarty is hit by Joe Carroll and loses puck.
5:01 of 2nd period - Minor Penalty to Wyatt Bongiovanni for Roughing.
5:02 of 2nd period - Nikita Nesterenko wins face-off versus Jack Studnicka in Checkers zone.
5:21 of 2nd period - Shot by Joel Kiviranta.
5:21 of 2nd period - Shot Misses the Net.
5:23 of 2nd period - Shot by Joel Kiviranta.
5:23 of 2nd period - Shot Misses the Net.
5:25 of 2nd period - Shot by Dean Stewart.
5:25 of 2nd period - Stopped by Matthew Murray without a rebound.
5:26 of 2nd period - Tyson Kozak wins face-off versus Brendan Gaunce in Checkers zone.
6:14 of 2nd period - Shot by Joel Kiviranta.
6:14 of 2nd period - Shot Misses the Net.
6:49 of 2nd period - Shot by Isak Rosen.
6:49 of 2nd period - Deflect By Mason Jobst.
6:49 of 2nd period - Shot Blocked by Griffin Mendel.
6:51 of 2nd period - Shot by Brendan Gaunce.
6:51 of 2nd period - Stopped by Matthew Murray with a rebound.
6:53 of 2nd period - Shot by Brendan Gaunce.
6:53 of 2nd period - Shot Blocked by Joe Carroll.
6:55 of 2nd period - Shot by Brendan Gaunce.
6:55 of 2nd period - Stopped by Matthew Murray with a rebound.
6:57 of 2nd period - Shot by Daniil Miromanov.
6:57 of 2nd period - Shot Blocked by Griffin Mendel.
6:59 of 2nd period - Shot by Daniil Miromanov.
6:59 of 2nd period - Shot Misses the Net.
7:03 of 2nd period - Shot by Kyle Rau.
7:03 of 2nd period - Stopped by Matthew Murray without a rebound.
7:04 of 2nd period - Austin Rueschhoff wins face-off versus Benoit-Olivier Groulx in Checkers zone.
7:24 of 2nd period - Shot by Bryan Yoon.
7:24 of 2nd period - Shot Misses the Net.
7:54 of 2nd period - Shot by Joel Kiviranta.
7:54 of 2nd period - Shot Misses the Net.
8:03 of 2nd period - Icing by Austin Rueschhoff.
8:04 of 2nd period - Austin Rueschhoff wins face-off versus Brendan Gaunce in Checkers zone.
8:04 of 2nd period - Austin Rueschhoff is hit by Mason Jobst.
8:09 of 2nd period - Minor Penalty to Jeffrey Viel for Charging.
8:10 of 2nd period - Brendan Gaunce wins face-off versus Wyatt Bongiovanni in Checkers zone.
8:27 of 2nd period - Shot by Xavier Ouellet.
8:27 of 2nd period - Stopped by Matthew Murray without a rebound.
8:28 of 2nd period - Alex Belzile wins face-off versus Brian Pinho in Checkers zone.
8:46 of 2nd period - Shot by Jack Studnicka.
8:46 of 2nd period - Shot Misses the Net.
8:48 of 2nd period - Shot by Jack Studnicka.
8:48 of 2nd period - Shot Blocked by Griffin Mendel.
9:40 of 2nd period - Shot by Brendan Gaunce.
9:40 of 2nd period - Shot Misses the Net.
10:02 of 2nd period - Shot by Jack Studnicka.
10:02 of 2nd period - Stopped by Matthew Murray with a rebound.
10:04 of 2nd period - Shot by Jack Studnicka.
10:04 of 2nd period - Shot Blocked by Griffin Mendel.
10:06 of 2nd period - Shot by Joseph Duszak.
10:06 of 2nd period - Shot Misses the Net.
10:08 of 2nd period - Shot by Jack Studnicka.
10:08 of 2nd period - Shot Blocked by Griffin Mendel.
10:12 of 2nd period - Shot by Steven Fogarty.
10:12 of 2nd period - Shot Misses the Net.
10:14 of 2nd period - Shot by Aidan Fulp.
10:14 of 2nd period - Stopped by Matthew Murray with a rebound.
10:23 of 2nd period - Off-side.
10:24 of 2nd period - Nikita Nesterenko wins face-off versus Benoit-Olivier Groulx in neutral zone.
10:24 of 2nd period - Nikita Nesterenko is hit by Steven Fogarty.
10:34 of 2nd period - Shot by Nikita Nesterenko.
10:34 of 2nd period - Shot Misses the Net.
10:41 of 2nd period - Icing by Bryan Yoon.
10:42 of 2nd period - Wyatt Bongiovanni wins face-off versus Benoit-Olivier Groulx in Condors zone.
10:44 of 2nd period - Joe Carroll is hit by Bryan Yoon and loses puck.
10:48 of 2nd period - Icing by Aidan Fulp.
10:49 of 2nd period - Austin Rueschhoff wins face-off versus Benoit-Olivier Groulx in Condors zone.
10:49 of 2nd period - Austin Rueschhoff is hit by Aidan Fulp.
11:01 of 2nd period - Shot by Benoit-Olivier Groulx.
11:01 of 2nd period - Stopped by Matthew Murray without a rebound.
11:02 of 2nd period - Nikita Nesterenko wins face-off versus Brendan Gaunce in Checkers zone.
11:02 of 2nd period - Jiri Smejkal is hit by Brendan Gaunce and loses puck.
11:21 of 2nd period - Shot by Brendan Gaunce.
11:21 of 2nd period - Stopped by Matthew Murray without a rebound.
11:22 of 2nd period - Alex Belzile wins face-off versus Joe Carroll in Checkers zone.
12:09 of 2nd period - Icing by Alex Belzile.
12:10 of 2nd period - Alex Belzile wins face-off versus Nikita Nesterenko in Condors zone.
12:35 of 2nd period - Shot by Brendan Gaunce.
12:35 of 2nd period - Shot Blocked by Griffin Mendel.
12:37 of 2nd period - Shot by Isak Rosen.
12:37 of 2nd period - Shot Misses the Net.
12:50 of 2nd period - Icing by Daniil Miromanov.
12:51 of 2nd period - Brendan Gaunce wins face-off versus Wyatt Bongiovanni in Condors zone.
13:03 of 2nd period - Shot by Mason Jobst.
13:03 of 2nd period - Shot Misses the Net.
13:08 of 2nd period - Icing by Alex Steeves.
13:09 of 2nd period - Wyatt Bongiovanni wins face-off versus Benoit-Olivier Groulx in Checkers zone.
14:00 of 2nd period - Shot by Austin Rueschhoff.
14:00 of 2nd period - Shot Misses the Net.
14:39 of 2nd period - Icing by Daniil Miromanov.
14:40 of 2nd period - Brendan Gaunce wins face-off versus Nikita Nesterenko in Condors zone.
14:40 of 2nd period - Brendan Gaunce is hit by Nikita Nesterenko.
14:43 of 2nd period - Icing by Daniil Miromanov.
14:44 of 2nd period - Nikita Nesterenko wins face-off versus Mason Jobst in Condors zone.
14:50 of 2nd period - Jiri Smejkal is hit by Xavier Ouellet and loses puck.
15:00 of 2nd period - Mason Jobst is hit by Griffin Mendel and loses puck.
15:07 of 2nd period - Shot by Isak Rosen.
15:07 of 2nd period - Stopped by Matthew Murray with a rebound.
15:53 of 2nd period - Shot by Kyle Rau.
15:53 of 2nd period - Deflect By Benoit-Olivier Groulx.
15:53 of 2nd period - Shot Blocked by Ethan Frisch.
15:55 of 2nd period - Shot by Benoit-Olivier Groulx.
15:55 of 2nd period - Stopped by Matthew Murray without a rebound.
15:56 of 2nd period - Wyatt Bongiovanni wins face-off versus Alex Belzile in Checkers zone.
16:09 of 2nd period - Shot by Joe Carroll.
16:09 of 2nd period - Stopped by Hunter Shepard with a rebound.
16:11 of 2nd period - Shot by Alex Steeves.
16:11 of 2nd period - Goal by Alex Steeves - Checkers : 2 - Condors : 3.
16:12 of 2nd period - Austin Rueschhoff wins face-off versus Alex Belzile in neutral zone.
16:23 of 2nd period - Shot by Christoffer Sedoff.
16:23 of 2nd period - Shot Blocked by Xavier Ouellet.
17:14 of 2nd period - Shot by Joe Carroll.
17:14 of 2nd period - Stopped by Hunter Shepard without a rebound.
17:15 of 2nd period - Benoit-Olivier Groulx wins face-off versus Wyatt Bongiovanni in Condors zone.
18:32 of 2nd period - Shot by Brian Pinho.
18:32 of 2nd period - Stopped by Hunter Shepard without a rebound.
18:33 of 2nd period - Brendan Gaunce wins face-off versus Austin Rueschhoff in Condors zone.
18:41 of 2nd period - Minor Penalty to Brendan Gaunce for Interference.
18:42 of 2nd period - Jack Studnicka wins face-off versus Nikita Nesterenko in Condors zone.
18:42 of 2nd period - Joel Kiviranta is hit by Jeffrey Viel and loses puck.
Goals for this period are 1 for Checkers vs 0 for Condors.
Shots for this period are 6 for Checkers vs 15 for Condors.

3rd period


0:01 of 3rd period - Joe Carroll wins face-off versus Benoit-Olivier Groulx in neutral zone.
0:55 of 3rd period - Shot by Jeffrey Viel.
0:55 of 3rd period - Stopped by Hunter Shepard without a rebound.
0:56 of 3rd period - Austin Rueschhoff wins face-off versus Brendan Gaunce in Condors zone.
0:59 of 3rd period - Shot by Anton Malmstrom.
0:59 of 3rd period - Stopped by Hunter Shepard without a rebound.
1:00 of 3rd period - Austin Rueschhoff wins face-off versus Alex Belzile in Condors zone.
1:03 of 3rd period - Shot by Austin Rueschhoff.
1:03 of 3rd period - Stopped by Hunter Shepard with a rebound.
1:26 of 3rd period - Shot by Mason Jobst.
1:26 of 3rd period - Stopped by Matthew Murray without a rebound.
1:27 of 3rd period - Wyatt Bongiovanni wins face-off versus Benoit-Olivier Groulx in Checkers zone.
1:44 of 3rd period - Shot by Alex Steeves.
1:44 of 3rd period - Shot Misses the Net.
1:54 of 3rd period - Shot by Benoit-Olivier Groulx.
1:54 of 3rd period - Stopped by Matthew Murray without a rebound.
1:55 of 3rd period - Alex Belzile wins face-off versus Nikita Nesterenko in Checkers zone.
2:23 of 3rd period - Minor Penalty to Griffin Mendel for Roughing.
2:24 of 3rd period - Alex Belzile wins face-off versus Wyatt Bongiovanni in Checkers zone.
2:29 of 3rd period - Shot by Joel Kiviranta.
2:29 of 3rd period - Shot Misses the Net.
2:31 of 3rd period - Shot by Alex Belzile.
2:31 of 3rd period - Stopped by Matthew Murray without a rebound.
2:32 of 3rd period - Wyatt Bongiovanni wins face-off versus Brendan Gaunce in Checkers zone.
2:32 of 3rd period - Wyatt Bongiovanni is hit by Brendan Gaunce.
2:48 of 3rd period - Shot by Isak Rosen.
2:48 of 3rd period - Stopped by Matthew Murray with a rebound.
2:50 of 3rd period - Shot by Brendan Gaunce.
2:50 of 3rd period - Deflect By Isak Rosen.
2:50 of 3rd period - Shot Blocked by Wyatt Bongiovanni.
2:52 of 3rd period - Shot by Mason Jobst.
2:52 of 3rd period - Stopped by Matthew Murray without a rebound.
2:53 of 3rd period - Wyatt Bongiovanni wins face-off versus Alex Belzile in Checkers zone.
3:18 of 3rd period - Shot by Alex Belzile.
3:18 of 3rd period - Shot Blocked by Ilya Solovyov.
3:20 of 3rd period - Shot by Joel Kiviranta.
3:20 of 3rd period - Stopped by Matthew Murray without a rebound.
3:21 of 3rd period - Brendan Gaunce wins face-off versus Wyatt Bongiovanni in Checkers zone.
3:56 of 3rd period - Shot by Joseph Duszak.
3:56 of 3rd period - Shot Misses the Net.
3:58 of 3rd period - Shot by Dean Stewart.
3:58 of 3rd period - Shot Blocked by Anton Malmstrom.
4:08 of 3rd period - Shot by Daniil Miromanov.
4:08 of 3rd period - Stopped by Matthew Murray with a rebound.
4:10 of 3rd period - Shot by Joel Kiviranta.
4:10 of 3rd period - Goal by Joel Kiviranta - Checkers : 2 - Condors : 4.
4:11 of 3rd period - Nikita Nesterenko wins face-off versus Benoit-Olivier Groulx in neutral zone.
4:19 of 3rd period - Minor Penalty to Jeffrey Viel for Interference.
4:20 of 3rd period - Nikita Nesterenko wins face-off versus Alex Belzile in Checkers zone.
4:51 of 3rd period - Shot by Jack Studnicka.
4:51 of 3rd period - Shot Misses the Net.
4:55 of 3rd period - Shot by Daniil Miromanov.
4:55 of 3rd period - Stopped by Matthew Murray without a rebound.
4:56 of 3rd period - Wyatt Bongiovanni wins face-off versus Mason Jobst in Checkers zone.
5:05 of 3rd period - Shot by Dean Stewart.
5:05 of 3rd period - Shot Blocked by Griffin Mendel.
5:09 of 3rd period - Shot by Mason Jobst.
5:09 of 3rd period - Shot Misses the Net.
5:45 of 3rd period - Shot by Daniil Miromanov.
5:45 of 3rd period - Stopped by Matthew Murray without a rebound.
5:46 of 3rd period - Alex Belzile wins face-off versus Nikita Nesterenko in Checkers zone.
7:10 of 3rd period - Isak Rosen is hit by Jeffrey Viel and loses puck.
8:22 of 3rd period - Shot by Steven Fogarty.
8:22 of 3rd period - Stopped by Matthew Murray without a rebound.
8:23 of 3rd period - Nikita Nesterenko wins face-off versus Benoit-Olivier Groulx in Checkers zone.
8:27 of 3rd period - Icing by Jiri Smejkal.
8:28 of 3rd period - Brendan Gaunce wins face-off versus Nikita Nesterenko in Checkers zone.
8:33 of 3rd period - Shot by Mason Jobst.
8:33 of 3rd period - Stopped by Matthew Murray with a rebound.
8:43 of 3rd period - Shot by Mason Jobst.
8:43 of 3rd period - Shot Misses the Net.
9:17 of 3rd period - Shot by Kyle Rau.
9:17 of 3rd period - Shot Blocked by Griffin Mendel.
9:19 of 3rd period - Shot by Bryan Yoon.
9:19 of 3rd period - Shot Blocked by Ethan Frisch.
9:21 of 3rd period - Shot by Aidan Fulp.
9:21 of 3rd period - Stopped by Matthew Murray with a rebound.
9:23 of 3rd period - Shot by Benoit-Olivier Groulx.
9:23 of 3rd period - Shot Hit the Post.
9:25 of 3rd period - Shot by Kyle Rau.
9:25 of 3rd period - Shot Misses the Net.
9:33 of 3rd period - Shot by Alex Steeves.
9:33 of 3rd period - Shot Misses the Net.
9:48 of 3rd period - Icing by Bryan Yoon.
9:49 of 3rd period - Benoit-Olivier Groulx wins face-off versus Nikita Nesterenko in Condors zone.
9:49 of 3rd period - Benoit-Olivier Groulx is hit by Jiri Smejkal.
9:58 of 3rd period - Jiri Smejkal is hit by Aidan Fulp and loses puck.
10:28 of 3rd period - Isak Rosen is hit by Ilya Solovyov and loses puck.
10:31 of 3rd period - Shot by Mason Jobst.
10:31 of 3rd period - Stopped by Matthew Murray with a rebound.
10:33 of 3rd period - Shot by Alex Belzile.
10:33 of 3rd period - Deflect By Isak Rosen.
10:33 of 3rd period - Shot Misses the Net.
10:35 of 3rd period - Shot by Xavier Ouellet.
10:35 of 3rd period - Goal by Xavier Ouellet - Checkers : 2 - Condors : 5.
10:36 of 3rd period - Alex Belzile wins face-off versus Wyatt Bongiovanni in neutral zone.
11:05 of 3rd period - Minor Penalty to Alex Belzile for High sticking.
11:06 of 3rd period - Nikita Nesterenko wins face-off versus Benoit-Olivier Groulx in Condors zone.
11:23 of 3rd period - Shot by Brian Pinho.
11:23 of 3rd period - Shot Misses the Net.
12:20 of 3rd period - Shot by Ilya Solovyov.
12:20 of 3rd period - Stopped by Hunter Shepard without a rebound.
12:21 of 3rd period - Benoit-Olivier Groulx wins face-off versus Wyatt Bongiovanni in Condors zone.
12:38 of 3rd period - Shot by Wyatt Bongiovanni.
12:38 of 3rd period - Shot Misses the Net.
12:40 of 3rd period - Shot by Tyler Wotherspoon.
12:40 of 3rd period - Shot Misses the Net.
12:42 of 3rd period - Shot by Jiri Smejkal.
12:42 of 3rd period - Stopped by Hunter Shepard without a rebound.
12:43 of 3rd period - Brendan Gaunce wins face-off versus Joe Carroll in Condors zone.
13:02 of 3rd period - Shot by Wyatt Bongiovanni.
13:02 of 3rd period - Shot Blocked by Brendan Gaunce.
13:16 of 3rd period - Shot by Jeffrey Viel.
13:16 of 3rd period - Deflect By Justin Pearson.
13:16 of 3rd period - Shot Hit the Post.
13:18 of 3rd period - Shot by Austin Rueschhoff.
13:18 of 3rd period - Shot Misses the Net.
13:20 of 3rd period - Shot by Austin Rueschhoff.
13:20 of 3rd period - Stopped by Hunter Shepard without a rebound.
13:21 of 3rd period - Austin Rueschhoff wins face-off versus Alex Belzile in Condors zone.
13:49 of 3rd period - Icing by Dean Stewart.
13:50 of 3rd period - Alex Belzile wins face-off versus Wyatt Bongiovanni in Condors zone.
13:50 of 3rd period - Alex Belzile is hit by Alex Steeves.
14:28 of 3rd period - Minor Penalty to Ilya Solovyov for Hooking.
14:29 of 3rd period - Alex Belzile wins face-off versus Nikita Nesterenko in Checkers zone.
14:46 of 3rd period - Joel Kiviranta is hit by Griffin Mendel and loses puck.
15:03 of 3rd period - Jack Studnicka is hit by Wyatt Bongiovanni and loses puck.
15:11 of 3rd period - Off-side.
15:12 of 3rd period - Nikita Nesterenko wins face-off versus Brendan Gaunce in neutral zone.
15:27 of 3rd period - Shot by Brendan Gaunce.
15:27 of 3rd period - Stopped by Matthew Murray with a rebound.
15:37 of 3rd period - Shot by Brendan Gaunce.
15:37 of 3rd period - Stopped by Matthew Murray without a rebound.
15:38 of 3rd period - Brendan Gaunce wins face-off versus Nikita Nesterenko in Checkers zone.
16:22 of 3rd period - Shot by Jack Studnicka.
16:22 of 3rd period - Stopped by Matthew Murray without a rebound.
16:23 of 3rd period - Alex Belzile wins face-off versus Tyson Kozak in Checkers zone.
16:47 of 3rd period - Minor Penalty to Austin Rueschhoff for Interference.
16:48 of 3rd period - Alex Belzile wins face-off versus Wyatt Bongiovanni in Checkers zone.
17:18 of 3rd period - Shot by Joel Kiviranta.
17:18 of 3rd period - Shot Hit the Post.
17:43 of 3rd period - Shot by Isak Rosen.
17:43 of 3rd period - Shot Misses the Net.
17:45 of 3rd period - Shot by Brendan Gaunce.
17:45 of 3rd period - Shot Blocked by Wyatt Bongiovanni.
17:47 of 3rd period - Shot by Isak Rosen.
17:47 of 3rd period - Stopped by Matthew Murray without a rebound.
17:48 of 3rd period - Nikita Nesterenko wins face-off versus Brendan Gaunce in Checkers zone.
17:51 of 3rd period - Minor Penalty to Christoffer Sedoff for Tripping.
17:52 of 3rd period - Alex Belzile wins face-off versus Nikita Nesterenko in Checkers zone.
18:11 of 3rd period - Shot by Alex Belzile.
18:11 of 3rd period - Stopped by Matthew Murray without a rebound.
18:12 of 3rd period - Nikita Nesterenko wins face-off versus Brendan Gaunce in Checkers zone.
18:23 of 3rd period - Nikita Nesterenko is hit by Mason Jobst and loses puck.
18:32 of 3rd period - Shot by Daniil Miromanov.
18:32 of 3rd period - Shot Blocked by Tyler Wotherspoon.
18:34 of 3rd period - Shot by Brendan Gaunce.
18:34 of 3rd period - Stopped by Matthew Murray without a rebound.
18:35 of 3rd period - Alex Belzile wins face-off versus Brian Pinho in Checkers zone.
18:36 of 3rd period - Shot by Jack Studnicka.
18:36 of 3rd period - Shot Hit the Post.
18:38 of 3rd period - Shot by Joel Kiviranta.
18:38 of 3rd period - Shot Misses the Net.
18:40 of 3rd period - Shot by Alex Belzile.
18:40 of 3rd period - Stopped by Matthew Murray without a rebound.
18:41 of 3rd period - Brendan Gaunce wins face-off versus Nikita Nesterenko in Checkers zone.
18:57 of 3rd period - Ethan Frisch is hit by Brendan Gaunce and loses puck.
Goals for this period are 0 for Checkers vs 2 for Condors.
Shots for this period are 6 for Checkers vs 22 for Condors.